Map: Abyssal Reef LE

Players

Xenodore

  • Race: Protoss Protoss
  • League: Platinum
  • Spawn Location: 5:00

PhoenixTears - Winner!

  • Race: Zerg Zerg
  • League: Platinum
  • Spawn Location: 11:00

Event: HopeTL

VOD

https://www.youtube.com/watch?v=fIOJgj8wW98&list=PL9QsjkBYtQM7NVZEDVfaNugqO61aBOlm6&index=1

Description

Time

  • Played on: Oct. 12, 2017, 3:54 p.m.
  • Length: 26:33

All games in this series

Show
View Real Time Build Order
Export as new Build Order

Xenodore Protoss 

Build Orders:  

Get SALT Encoding   

  12  0:09  Probe (Chrono Boost)  
  13  0:19  Probe (Chrono Boost)  
  14  0:22  Pylon  
  14  0:30  Probe (Chrono Boost)  
  15  0:40  Probe (Chrono Boost)  
  16  0:47  Gateway  
  16  0:51  Probe (Chrono Boost)  
  17  1:01  Probe (Chrono Boost)  
  18  1:06  Gateway  
  18  1:15  Pylon  
  18  1:28  Forge  
  18  1:36  Pylon  
  18  1:57  Nexus  
  18  2:08  Photon Cannon  
  18  2:17  Zealot  
  20  2:25  Photon Cannon  
  20  2:42  Probe (Chrono Boost)  
  21  2:44  Assimilator  
  21  2:48  Assimilator  
  20  3:11  Probe x2 (Chrono Boost)  
  22  3:23  Pylon  
  22  3:31  Cybernetics Core  
  22  3:45  Gateway  
  22  3:51  Protoss Ground Weapons Level 1  
  22  4:01  Pylon  
  22  4:08  Adept x2  
  26  4:11  Warp Gate (Chrono Boost)  
  26  4:13  Probe  
  26  4:15  Probe  
  28  4:24  Probe  
  28  4:26  Robotics Facility  
  29  4:36  Photon Cannon  
  29  4:38  Pylon  
  29  4:55  Stalker  
  29  4:57  Stalker x2  
  35  5:14  Immortal  
  39  5:23  Probe  
  39  5:25  Probe  
  41  5:39  Probe  
  41  5:40  Pylon  
  41  5:41  Probe  
  43  5:51  Probe  
  43  5:53  Probe  
  43  5:55  Warp Prism (Chrono Boost)  
  47  6:03  Probe  
  48  6:17  Mothership Core, Probe  
  51  6:29  Immortal (Chrono Boost)  
  51  6:30  Probe  
  56  6:43  Gateway  
  56  6:45  Pylon  
  56  6:46  Gateway  
  56  6:47  Assimilator  
  56  6:48  Probe x2 (Chrono Boost)  
  56  6:49  Assimilator  
  56  6:54  Protoss Ground Armor Level 1 (Chrono Boost)  
  58  6:59  Probe  
  59  7:02  Observer  
  59  7:05  Stalker x2  
  64  7:21  Stalker  
  66  7:37  Stalker x2  
  68  8:06  Zealot x2  
  55  8:21  Zealot  
  57  8:33  Adept  
  57  8:34  Adept  
  61  8:55  Mothership Core  
  63  9:04  Stalker x4  
  63  9:05  Zealot  
  73  9:22  Gateway  
  73  9:25  Gateway  
  73  9:27  Zealot x2  
  71  9:44  Adept, Zealot x2  
  75  9:45  Immortal  
  57  10:22  Observer  
  57  10:23  Adept x2  
  57  10:24  Adept  
  64  10:29  Nexus  
  64  10:40  Twilight Council  
  64  10:41  Pylon  
  58  11:36  Pylon  
  58  11:38  Pylon  
  58  11:40  Adept x2  
  58  11:42  Adept  
  64  11:50  Adept x2  
  68  12:10  Pylon  
  68  12:16  Photon Cannon  
  60  13:03  Probe x2 (Chrono Boost)  
  60  13:04  Probe (Chrono Boost)  
  61  13:13  Probe x2 (Chrono Boost)  
  61  13:14  Robotics Bay, Stargate  
  61  13:16  Robotics Facility, Probe (Chrono Boost)  
  61  13:18  Gateway  
  64  13:20  Gateway  
  64  13:22  Pylon  
  64  13:24  Probe x2 (Chrono Boost)  
  65  13:28  Probe (Chrono Boost)  
  65  13:31  Stalker x2  
  65  13:32  Stalker  
  71  13:36  Blink (Chrono Boost)  
  71  13:37  Protoss Ground Weapons Level 2  
  71  13:59  Photon Cannon  
  71  14:00  Gateway  
  71  14:07  Pylon  
  71  14:13  Colossus, Oracle  
  71  14:17  Pylon  
  74  14:20  Colossus  
  74  14:23  Extended Thermal Lance  
  86  14:26  Stalker x3  
  86  14:27  Stalker x2  
  86  14:28  Pylon, Stalker  
  86  14:29  Stalker  
  99  14:35  Assimilator  
  99  14:39  Assimilator  
  99  14:48  Oracle  
  99  14:51  Stalker x3  
  99  14:52  Stalker x2  
  109  14:53  Stalker x3  
  109  14:54  Stalker  
  119  15:27  Pylon, Stalker x2  
  119  15:28  Stalker x3  
  125  15:29  Stalker x2  
  125  15:30  Stalker  
  125  15:32  Pylon  
  135  15:37  Nexus  
  135  15:38  Pylon  
  135  15:41  Pylon  
  128  16:06  Colossus  
  128  16:13  Colossus  
  128  16:17  Void Ray  
  144  16:32  Photon Cannon  
  144  16:45  Zealot  
  144  16:46  Zealot x2  
  150  16:51  Probe x2  
  151  17:17  Fleet Beacon  
  151  17:22  Stargate, Probe x2  
  153  17:32  Charge (Chrono Boost)  
  153  17:40  Photon Cannon  
  98  18:13  Zealot  
  98  18:14  Zealot x4  
  98  18:15  Zealot x3  
  98  18:16  Adept x2  
  85  18:54  Tempest  
  85  18:55  Tempest  
  97  18:59  Mothership Core  
  99  19:06  Stalker x2  
  99  19:07  Zealot  
  105  19:16  Probe x2  
  105  19:17  Probe  
  105  19:20  Probe  
  109  19:25  Assimilator  
  109  19:26  Probe  
  109  19:29  Probe  
  111  19:33  Photon Cannon  
  111  19:37  Tempest, Zealot x2  
  116  19:48  Zealot  
  116  19:55  Probe x2 (Chrono Boost)  
  116  19:56  Probe x2 (Chrono Boost)  
  119  20:18  Pylon  
  119  20:21  Tempest  
  119  20:24  Zealot  
  119  20:25  Zealot  
  129  20:50  Zealot  
  129  20:51  Zealot x2  
  129  20:54  Stalker  
  129  20:55  Stalker  
  139  21:02  Tempest  
  135  21:09  Probe x2 (Chrono Boost)  
  135  21:10  Probe (Chrono Boost)  
  135  21:11  Probe (Chrono Boost)  
  131  21:20  Probe x3 (Chrono Boost)  
  131  21:23  Probe (Chrono Boost)  
  135  21:29  Dark Shrine  
  135  21:35  Pylon  
  135  21:57  Protoss Ground Weapons Level 3  
  135  22:00  Carrier x2  
  147  22:04  Zealot x2  
  147  22:06  Zealot  
  153  22:37  Probe (Chrono Boost)  
  153  22:39  Probe (Chrono Boost)  
  153  22:41  Dark Templar  
  155  22:48  Dark Templar, Zealot  
  141  23:17  Stalker x2  
  141  23:18  Zealot x2, Stalker  
  141  23:19  Zealot  
  138  23:25  Carrier, Archon  
  138  23:26  Carrier  
  115  24:04  Graviton Catapult  
  115  24:07  Stalker  
  115  24:09  Stalker x3  
  115  24:16  Mothership Core (Chrono Boost)  
  117  24:31  Dark Templar  
  117  24:32  Zealot  
  121  24:51  Oracle  
  104  25:14  Dark Templar x3  
  85  25:15  Dark Templar  
  36  25:47  Stalker x2  
  40  26:04  Stalker  
Show
View Real Time Build Order
Export as new Build Order

PhoenixTears Zerg - Winner!

Build Orders: Hatch First 

Get SALT Encoding   

  12  0:06  Drone  
  13  0:17  Drone  
  14  0:22  Overlord  
  14  0:41  Drone x3  
  17  0:56  Drone  
  18  1:06  Hatchery  
  17  1:15  Extractor  
  17  1:18  Spawning Pool  
  15  1:19  Drone  
  15  1:23  Drone  
  17  1:33  Drone  
  17  1:36  Drone  
  19  1:49  Overlord  
  19  2:05  Queen  
  21  2:10  Zergling x4  
  23  2:22  Zergling x4, Queen  
  27  2:39  Drone  
  28  2:46  Metabolic Boost  
  28  3:08  Zergling x4  
  30  3:20  Lair  
  30  3:26  Hatchery  
  29  3:34  Drone  
  30  3:40  Overlord x3  
  30  4:01  Hatchery  
  29  4:08  Drone x3  
  32  4:20  Overseer  
  32  4:22  Overseer  
  32  4:28  Roach Warren  
  31  4:40  Drone  
  31  4:41  Drone x3  
  31  4:45  Queen  
  35  4:51  Spore Crawler  
  36  4:59  Drone x3  
  39  5:03  Spore Crawler  
  38  5:13  Drone x5  
  43  5:19  Queen  
  45  5:26  Drone x2  
  45  5:27  Drone  
  48  5:44  Drone x8  
  48  5:49  Extractor  
  55  5:51  Extractor  
  54  6:00  Roach x2  
  54  6:01  Roach x3  
  64  6:08  Glial Reconstitution  
  64  6:23  Spore Crawler  
  64  6:24  Overlord  
  64  6:25  Overlord x3  
  63  6:26  Overlord  
  63  6:31  Evolution Chamber  
  60  6:45  Ravager x2  
  60  6:46  Ravager x2  
  64  6:49  Drone x9  
  64  6:50  Drone x3  
  76  6:58  Extractor, Zerg Missile Weapons Level 1  
  75  7:03  Evolution Chamber  
  74  7:16  Zergling x18  
  74  7:17  Zergling x2  
  84  7:36  Overlord  
  84  7:37  Overlord x3  
  82  7:45  Overlord  
  82  7:46  Overlord x2  
  82  7:48  Zerg Ground Armor Level 1  
  82  7:58  Roach x6  
  82  8:13  Zergling x2  
  82  8:14  Zergling x18  
  92  8:24  Overlord x3  
  89  8:43  Ravager x4  
  89  8:44  Ravager x2  
  89  8:46  Zergling x4  
  89  8:47  Roach x2, Zergling x4  
  89  8:48  Zergling x4  
  105  8:50  Hatchery  
  101  9:13  Baneling Nest  
  100  9:18  Drone  
  100  9:19  Drone x12  
  100  9:20  Pneumatized Carapace  
  113  9:25  Extractor x2  
  113  9:26  Overlord  
  113  9:27  Overlord  
  107  9:33  Zergling x8  
  107  9:34  Zergling x4  
  106  9:41  Zergling x2  
  106  9:42  Zergling x6  
  108  9:51  Zergling x12  
  112  9:59  Zergling x2  
  108  10:00  Zergling x6  
  109  10:09  Centrifical Hooks  
  109  10:17  Queen  
  111  10:24  Spire  
  110  10:29  Baneling x7  
  110  10:30  Baneling x5  
  110  10:31  Roach  
  110  10:32  Roach x5  
  110  10:33  Zergling x10  
  127  10:36  Overlord  
  127  10:37  Overlord  
  127  10:41  Overseer  
  123  11:02  Queen x4  
  131  11:05  Baneling x4  
  131  11:06  Baneling  
  131  11:11  Drone x9  
  132  11:12  Drone  
  138  11:35  Zerg Missile Weapons Level 2, Zerg Ground Armor Level 2  
  138  11:41  Corruptor x2  
  138  11:42  Corruptor x2  
  138  11:46  Extractor  
  145  11:49  Extractor  
  145  11:52  Overlord x3, Spore Crawler  
  145  11:53  Zergling x4  
  145  11:54  Zergling x2  
  146  11:57  Ravager x5  
  146  11:58  Ravager x2  
  153  12:14  Infestation Pit, Zerg Flyer Weapons Level 1  
  152  12:25  Zergling x20  
  152  12:26  Zergling x16  
  170  12:33  Drone x5  
  172  12:45  Drone  
  172  12:46  Drone x6  
  175  13:08  Drone  
  175  13:09  Drone x14  
  175  13:12  Baneling x6  
  190  13:13  Baneling x5  
  190  13:15  Roach  
  192  13:35  Hatchery  
  191  13:50  Overlord x4  
  191  13:51  Ravager  
  191  13:55  Zerg Melee Weapons Level 1  
  192  13:56  Hatchery, Neural Parasite  
  192  13:59  Hive  
  191  14:13  Roach x4  
  198  14:55  Spore Crawler  
  197  15:11  Greater Spire  
  197  15:18  Baneling  
  197  15:19  Baneling x13  
  190  15:54  Corruptor x2  
  190  15:55  Corruptor  
  190  16:23  Brood Lord x3  
  198  16:25  Brood Lord  
  198  16:46  Zerg Melee Weapons Level 2  
  198  16:47  Adrenal Glands  
  198  16:48  Zerg Missile Weapons Level 3  
  197  17:03  Brood Lord x2  
  194  17:19  Zerg Flyer Weapons Level 2  
  194  17:39  Spore Crawler  
  194  17:41  Hydralisk Den  
  188  18:02  Corruptor x2  
  188  18:03  Corruptor x9  
  188  18:04  Corruptor  
  173  18:09  Hydralisk  
  173  18:10  Hydralisk x21  
  188  18:20  Extractor  
  188  18:21  Muscular Augments, Extractor  
  188  18:26  Extractor x2  
  165  18:44  Zergling x6  
  165  18:45  Zergling x28, Hydralisk x5  
  165  18:46  Zergling x14  
  189  18:51  Brood Lord  
  191  19:02  Brood Lord  
  193  19:04  Brood Lord  
  195  19:20  Zerg Ground Armor Level 3  
  195  19:25  Baneling  
  195  19:26  Baneling x7  
  193  19:45  Brood Lord x2  
  193  19:46  Brood Lord  
  183  20:08  Zerg Melee Weapons Level 3  
  183  20:12  Infestor  
  183  20:13  Infestor x2  
  189  20:16  Burrow  
  188  20:40  Infestor  
  188  20:41  Infestor x3  
  196  20:47  Hatchery  
  195  20:58  Drone  
  195  20:59  Drone x9  
  195  21:00  Drone  
  195  21:01  Drone  
  198  21:06  Drone  
  198  21:07  Drone x2  
  200  21:27  Zerg Flyer Weapons Level 3  
  200  21:39  Pathogen Glands  
  200  21:43  Spire  
  198  22:05  Lurker Den  
  196  22:25  Overlord x2  
  196  22:26  Overlord  
  194  22:39  Queen  
  194  22:41  Extractor  
  192  22:45  Extractor  
  192  22:49  Corruptor x4  
  171  23:22  Corruptor  
  171  23:23  Corruptor x16  
  197  23:29  Overseer  
  197  23:30  Zergling x2, Overseer  
  197  23:31  Zergling x24  
  192  23:50  Corruptor x6  
  199  24:16  Brood Lord  
  199  24:19  Brood Lord  
  199  24:20  Brood Lord  
  193  24:31  Zerg Flyer Armor Level 1  
  183  25:00  Hatchery  
  183  25:04  Corruptor x5  
  183  25:05  Corruptor  
  194  25:21  Zergling x12  
  194  25:32  Overseer x2  
  177  25:46  Brood Lord x3  
  177  25:48  Zergling x30  
  177  25:49  Zergling x4  
Tags
 
Add a new tag
Caveats
  • Supply blocks, unpowered buildings, or Contaminate may cause inaccurate times.
  • Supply counts are checked every 10 seconds.